 Dungeon Crawl Stone Soup version 0.30-b1-2-g02819fbbbe (webtiles) character file.

Game seed: 6350278208198643942

262 Fartwhistle the Skirmisher (level 6, -6/51 HPs)
             Began as a Gnoll Hunter on Sept 18, 2023.
             Was an Initiate of the Shining One.
             Mangled by an iguana (10 damage)
             ... on level 5 of the Dungeon.
             The game lasted 00:08:56 (3461 turns).

Fartwhistle the Skirmisher (Gnoll Hunter)           Turns: 3461, Time: 00:08:57

Health: -6/51      AC:  5    Str: 11    XL:     6   Next: 18%
Magic:  8/8        EV: 13    Int: 10    God:    the Shining One [......]
Gold:   223        SH:  0    Dex: 15    Spells: 3/8 levels left

rFire   . . .        r - +2 short sword (venom)
rCold   . . .        (no shield)
rNeg    . . .        c - +0 leather armour
rPois   .            m - +0 helmet
rElec   .            (no cloak)
rCorr   .            g - +0 pair of gloves
SInv    .            (no boots)
Will    .....        (no amulet)
Stlth   +            (no ring)
HPRegen 0.28/turn    (no ring)
MPRegen 0.11/turn

%: no passive effects
@: glowing
A: fangs 1, strong nose, distributed training
a: Renounce Religion


You were on level 5 of the Dungeon.
You worshipped the Shining One.
The Shining One was noncommittal.
You visited 2 branches of the dungeon, and saw 6 of its levels.

You collected 223 gold pieces.

Inventory:

Hand Weapons
 a - a +0 shortbow
 r - a +2 short sword of venom (weapon)
Missiles
 n - 10 poisoned darts
Armour
 c - a +0 leather armour (worn)
 g - a +0 pair of gloves (worn)
 m - a +0 helmet (worn)
Jewellery
 h - an amulet of guardian spirit
Wands
 t - a wand of flame (18)
Scrolls
 b - a scroll of immolation
 f - 2 scrolls of vulnerability
 k - 4 scrolls of enchant weapon {unknown}
 o - a scroll of amnesia
 u - 2 scrolls of enchant armour {unknown}
 v - a scroll of silence {unknown}
 x - a scroll of torment {unknown}
 y - 3 scrolls of identify
 z - a scroll of butterflies {unknown}
Potions
 e - 2 potions of ambrosia {unknown}
 i - 3 potions of resistance {unknown}
 j - 2 potions of berserk rage {unknown}
 p - a potion of flight {unknown}
 q - a potion of lignification {unknown}
 s - a potion of haste {unknown}
 w - 3 potions of curing {unknown}


   Skills:
 + Level 5.0 Fighting
 + Level 1.9 Short Blades
 + Level 1.9 Long Blades
 + Level 1.9 Axes
 + Level 1.9 Maces & Flails
 + Level 1.9 Polearms
 + Level 1.9 Staves
 + Level 8.7 Ranged Weapons
 + Level 1.9 Throwing
 + Level 1.9 Armour
 + Level 5.0 Dodging
 + Level 3.0 Stealth
 + Level 1.9 Shields
 + Level 1.9 Unarmed Combat
 + Level 1.9 Spellcasting
 + Level 1.5 Conjurations
 + Level 1.5 Hexes
 + Level 1.5 Summonings
 + Level 1.5 Necromancy
 + Level 1.5 Translocations
 + Level 1.5 Transmutations
 + Level 1.5 Fire Magic
 + Level 1.5 Ice Magic
 + Level 1.5 Air Magic
 + Level 1.5 Earth Magic
 + Level 1.5 Poison Magic
 + Level 2.1 Invocations
 + Level 1.9 Evocations


You had 3 spell levels left.
You knew the following spells:

 Your Spells              Type           Power      Damage    Failure   Level
a - Tukima's Dance        Hex            4%         N/A       54%         3
b - Blink                 Tloc           8%         N/A       32%         2

Your spell library contained the following spells:

 Spells                   Type           Power      Damage    Failure   Level
 Freeze                   Ice            16%        1d4       22%         1
 Ensorcelled Hibernation  Hex/Ice        8%         N/A       32%         2
 Lesser Beckoning         Tloc           8%         N/A       32%         2
 Momentum Strike          Conj/Tloc      8%         3d8       32%         2
 Passwall                 Tmut/Erth      3%         N/A       32%         2
 Frozen Ramparts          Ice            8%         1d2       54%         3
 Hailstorm                Conj/Ice       4%         3d4       54%         3
 Swiftness                Air            4%         N/A       54%         3
 Passage of Golubria      Tloc           4%         N/A       91%         4
 Yara's Violent Unravell  Hex/Tmut       2%         3d3       99%         5


Dungeon Overview and Level Annotations

Branches:
Dungeon (5/15)             Temple (1/1) D:4

Altars:
Dithmenos
Gozag
Hepliaklqana
Kikubaaqudgha
Makhleb
Okawaru
Qazlal
Trog
Uskayaw
Vehumet
Yredelemnul
The Shining One

Shops:
D:2 [

Annotations:
D:2 Sigmund


Innate Abilities, Weirdness & Mutations

You have very sharp teeth.
Your uncanny sense of smell can sniff out nearby items.
Your experience applies equally to all skills.


Message History

You hit the iguana.
The iguana is poisoned.
Your bite misses the iguana.
The iguana is lightly wounded.
The sleepcap releases spores at you. The iguana barely misses you.
Unknown command.
You hit the sleepcap but do no damage.
The sleepcap is poisoned.
You bite the sleepcap, but do no damage.
The sleepcap barely misses you. The iguana bites you!
Unknown command.
You hit the sleepcap.
The sleepcap is lightly damaged.
The sleepcap releases spores at you.
You are engulfed in a cloud of soporific spores!
You fall asleep.
The iguana bites you!
You wake up.
You hit the sleepcap but do no damage.
You bite the sleepcap, but do no damage.
The sleepcap is lightly damaged.
The sleepcap releases spores at you.
The iguana bites you but does no damage.
Unknown command.
You hit the iguana but do no damage. You bite the iguana, but do no damage.
The iguana is heavily wounded.
The sleepcap releases spores at you.
* * * LOW HITPOINT WARNING * * *
You are engulfed in a cloud of soporific spores!
You are unaffected.
The iguana bites you!
* * * LOW HITPOINT WARNING * * *
You hit the iguana.
The iguana looks even sicker.
You bite the iguana, but do no damage.
The iguana is heavily wounded.
The sleepcap releases spores at you but does no damage.
The iguana closely misses you.
Unknown command.
As you read the scroll labelled TUC CITZUNK, it crumbles to dust.
You hear a loud clanging noise!
It was a scroll of noise.
You hear an angry hiss. x2; You hear a shout! x2; You hear an angry hiss.
You hear a shout! x2
The iguana bites you!
You die...

*,,#...*#...........#***
**,....##.###.##.##....,
**#..........#..######*
**##...........#
#...........#
#...........#**
#Y............****
#l######....#.,,,, #@#
*....#***** *#f# *....#
****..# **#### *,,..##
*****,###* **,,,,,*
****,,***** ****,,,,**
,,,,,,,,*


You could see an ice beast, a sleepcap (poisoned) and an iguana (very poisoned).

Vanquished Creatures
  An orc priest (D:4)
  A jelly (D:4)
  Jessica (D:3)
  Natasha (twice) (D:2)
  Robin (D:2)
  A mummy (D:4)
  3 adders
  5 dart slugs
  4 orcs (D:4)
  A bat (D:2)
  4 endoplasms
  A giant cockroach (D:3)
  12 goblins
  5 hobgoblins
  4 jackals
  11 kobolds
  A quokka (D:2)
  5 ball pythons
  3 frilled lizards
  2 hobgoblin zombies (D:4)
  A kobold zombie (D:4)
  An orc zombie (D:4)
  A rat (D:2)
71 creatures vanquished.

Vanquished Creatures (others)
  A plant (D:5)
1 creature vanquished.

Grand Total: 72 creatures vanquished

Notes
Turn   | Place    | Note
-------+----------+-------------------------------------------
     0 | D:1      | Fartwhistle the Gnoll Hunter began the quest for the Orb.
     0 | D:1      | Reached XP level 1. HP: 20/20 MP: 1/1
   101 | D:1      | Reached XP level 2. HP: 26/26 MP: 2/2
   588 | D:2      | Noticed Sigmund
   712 | D:2      | Reached XP level 3. HP: 31/31 MP: 3/3
   722 | D:2      | Found Meis's Antique Armour Emporium.
   735 | D:2      | Noticed Natasha
   744 | D:2      | Killed Natasha
   745 | D:2      | Reached skill level 1 in Short Blades
   745 | D:2      | Reached skill level 1 in Long Blades
   745 | D:2      | Reached skill level 1 in Axes
   745 | D:2      | Reached skill level 1 in Maces & Flails
   745 | D:2      | Reached skill level 1 in Polearms
   745 | D:2      | Reached skill level 1 in Staves
   745 | D:2      | Reached skill level 1 in Throwing
   745 | D:2      | Reached skill level 1 in Armour
   745 | D:2      | Reached skill level 1 in Shields
   745 | D:2      | Reached skill level 1 in Unarmed Combat
   745 | D:2      | Reached skill level 1 in Spellcasting
   745 | D:2      | Reached skill level 1 in Invocations
   745 | D:2      | Reached skill level 1 in Evocations
  1063 | D:2      | Noticed Robin
  1087 | D:2      | Reached XP level 4. HP: 34/38 MP: 5/5
  1092 | D:2      | Killed Robin
  1179 | D:2      | Noticed Natasha
  1191 | D:2      | Killed Natasha
  1192 | D:2      | Reached skill level 1 in Conjurations
  1192 | D:2      | Reached skill level 1 in Hexes
  1192 | D:2      | Reached skill level 1 in Summonings
  1192 | D:2      | Reached skill level 1 in Necromancy
  1192 | D:2      | Reached skill level 1 in Translocations
  1192 | D:2      | Reached skill level 1 in Transmutations
  1192 | D:2      | Reached skill level 1 in Fire Magic
  1192 | D:2      | Reached skill level 1 in Ice Magic
  1192 | D:2      | Reached skill level 1 in Air Magic
  1192 | D:2      | Reached skill level 1 in Earth Magic
  1192 | D:2      | Reached skill level 1 in Poison Magic
  1445 | D:3      | Found a shadowy altar of Dithmenos.
  1446 | D:3      | Found an iron altar of Okawaru.
  1454 | D:3      | Learned a level 3 spell: Tukima's Dance
  1503 | D:3      | Noticed Jessica
  1506 | D:3      | Killed Jessica
  1507 | D:3      | Reached XP level 5. HP: 43/43 MP: 7/7
  1541 | D:3      | Learned a level 2 spell: Blink
  2347 | D:4      | Found a hide-covered altar of Uskayaw.
  2453 | D:4      | Found an ancient bone altar of Kikubaaqudgha.
  2520 | D:4      | Found a staircase to the Ecumenical Temple.
  2541 | Temple   | Entered the Ecumenical Temple
  2734 | Temple   | Became a worshipper of the Shining One
  3096 | D:4      | Reached XP level 6. HP: 33/50 MP: 8/8
  3425 | D:5      | Entered Level 5 of the Dungeon
  3431 | D:5      | Noticed an ice beast
  3447 | D:5      | Reached skill level 5 in Fighting
  3447 | D:5      | Reached skill level 5 in Dodging
  3461 | D:5      | Mangled by an iguana

Illustrated notes

Levels and vault maps discovered:
D:1:      dpeg_arrival_boxes_within_box, layout_rooms
D:2:      layout_loops_ring, serial_shops, shop, uniq_natasha, uniq_robin,
          uniq_sigmund
D:3:      layout_loops_ring, mainiacjoe_overflow_divided_tiny,
          chequers_serial_rivers_micro_c, uniq_jessica
D:4:      layout_loops_ring, mainiacjoe_overflow_chevrons,
          mainiacjoe_overflow_24_doors, minmay_temple_entry_statues_fountains,
          minmay_mini_ossuary
D:5:      layout_rooms, nicolae_overflow_crystal_walls,
          nicolae_ru_great_annihilating_truth, doesnt_xom_only_xom,
          portal_sewer_entry_e, serial_bayou_pond_b, uniq_eustachio
Temple:   nicolae_temple_bog_church

Skill      XL: |  1  2  3  4  5  6 |
---------------+-------------------+-----
Short Blades   | 1 |  1.9
Long Blades    | 1 |  1.9
Axes           | 1 |  1.9
Maces & Flails | 1 |  1.9
Polearms       | 1 |  1.9
Staves         | 1 |  1.9
Throwing       | 1 |  1.9
Armour         | 1 |  1.9
Shields        | 1 |  1.9
Unarmed Combat | 1 |  1.9
Spellcasting   | 1 |  1.9
Invocations    | 1 2 |  2.1
Evocations     | 1 |  1.9
Conjurations   | 1 |  1.5
Hexes          | 1 |  1.5
Summonings     | 1 |  1.5
Necromancy     | 1 |  1.5
Translocations | 1 |  1.5
Transmutations | 1 |  1.5
Fire Magic     | 1 |  1.5
Ice Magic      | 1 |  1.5
Air Magic      | 1 |  1.5
Earth Magic    | 1 |  1.5
Poison Magic   | 1 |  1.5
Stealth        | 3 |  3.0
Fighting       | 5 |  5.0
Dodging        | 5 |  5.0
Ranged Weapons | |  8.7

Action                     |  1- 3 |  4- 6 || total
---------------------------+-------+-------++-------
  Melee: Short sword       |       |     8 ||     8
         Bite              |       |     4 ||     4
   Fire: Shortbow          |    62 |   134 ||   196
    Use: Scroll            |     3 |     2 ||     5
 Armour: Leather armour    |     7 |    16 ||    23
  Dodge: Dodged            |    11 |    57 ||    68
